 Dungeon Crawl Stone Soup version 0.25.1-1-g288607f5aa (webtiles) character file.

Game seed: 6043797796919562675

14140 EriolAelfwine the Cleaver (level 11, -5/103 HPs)
             Began as a Deep Dwarf Fighter on July 24, 2020.
             Was a High Priest of Makhleb.
             Slain by a slime creature (11 damage)
             ... on level 12 of the Dungeon.
             The game lasted 00:25:36 (8830 turns).

EriolAelfwine the Cleaver (Deep Dwarf Fighter)      Turns: 8830, Time: 00:25:37

Health: -5/103     AC: 15    Str: 24    XL:     11   Next: 84%
Magic:  7/7 (14)   EV:  9    Int:  8    God:    Makhleb [*****.]
Gold:   491        SH: 13    Dex: 12    Spells: 10/10 levels left

rFire    . . .     SeeInvis .   O - +0 broad axe (antimagic)
rCold    . . .     Gourm    .   c - +1 kite shield
rNeg     . . .     Faith    .   H - +4 ring mail "Qufial" {MR++}
rPois    .         Spirit   .   P - +0 helmet
rElec    +         Reflect  .   m - +0 cloak
rCorr    .         Harm     .   (no gloves)
MR       +++..                  x - +0 pair of boots "Filocuph" {+Fly rElec rC- MP+9}
Stlth    +.........             F - amulet of the acrobat
HPRegen  0.00/turn              k - ring of protection from cold
MPRegen  0.10/turn              (no ring)

@: starving, non-regenerating
A: damage resistance, heal wounds, sense surroundings 2, no regeneration
a: Heal Wounds, Minor Destruction, Lesser Servant of Makhleb, Major Destruction,
Greater Servant of Makhleb, Renounce Religion, Evoke Flight


You were on level 12 of the Dungeon.
You worshipped Makhleb.
Makhleb was extremely pleased with you.
You were starving.

You visited 2 branches of the dungeon, and saw 13 of its levels.
You also visited: Ossuary.

You collected 590 gold pieces.
You spent 99 gold pieces at shops.

Inventory:

Hand Weapons
 l - a +0 war axe of flaming
 O - a +0 antimagic broad axe (weapon)
Missiles
 n - 21 poisoned darts (quivered)
 o - 3 throwing nets
Armour
 c - a +1 kite shield (worn)
 m - a +0 cloak (worn)
 x - the +0 pair of boots "Filocuph" (worn) {+Fly rElec rC- MP+9}
   (You found it on level 4 of the Dungeon)

   It makes you vulnerable to cold.
   It insulates you from electricity.
   It affects your magic capacity (+9).
   It lets you fly.
 H - the +4 ring mail "Qufial" (worn) {MR++}
   (You found it on level 12 of the Dungeon)

   It affects your resistance to hostile enchantments.
 P - a +0 helmet (worn)
Jewellery
 k - a ring of protection from cold (left hand)
 F - an amulet of the acrobat (around neck)
Wands
 p - a wand of clouds (7)
 t - a wand of enslavement (7)
 C - a wand of flame (10)
 I - a wand of iceblast (13)
 K - a wand of polymorph (11)
 N - a wand of acid (12)
Scrolls
 b - 8 scrolls of remove curse
 g - 3 scrolls of enchant armour
 i - 4 scrolls of teleportation
 q - 4 scrolls of amnesia
 v - 6 scrolls of enchant weapon
 y - 3 scrolls of fear
 B - 3 scrolls of identify
 D - 4 scrolls of fog
 J - 2 scrolls of magic mapping
 M - 2 scrolls of brand weapon
Potions
 a - a potion of flight {unknown}
 d - 4 potions of might
 h - 5 potions of stabbing
 j - 8 potions of curing
 r - a potion of magic {unknown}
 s - 3 potions of haste {unknown}
 u - 2 potions of degeneration {unknown}
 w - a potion of mutation {unknown}
 z - 2 potions of brilliance
 A - 4 potions of berserk rage {unknown}
 E - a potion of resistance {unknown}
 G - 4 potions of heal wounds
Comestibles
 f - 24 rations


   Skills:
 + Level 7.8 Fighting
 * Level 12.4 Axes
 + Level 9.3 Armour
 + Level 9.4 Shields
 + Level 9.8 Invocations


You had 10 spell levels left.
You didn't know any spells.
Your spell library was empty.

Dungeon Overview and Level Annotations

Branches:
Dungeon (12/15)            Temple (1/1) D:4            Lair (0/6) D:11
    Orc (0/2) D:11        Ossuary (visited)

Altars:
Ashenzari
Cheibriados
Dithmenos
Elyvilon
Fedhas
Gozag
Hepliaklqana
Kikubaaqudgha
Makhleb
Nemelex Xobeh
Okawaru
Qazlal
Ru
Sif Muna
Trog
Uskayaw
Vehumet
Wu Jian
Xom
Yredelemnul
Zin
The Shining One

Shops:
D:5 *[   D:8 [   D:9 %%}

Annotations:
D:4 2 transporters, Nebesus's ghost, amateur CeMo


Innate Abilities, Weirdness & Mutations

You are resistant to damage.
You can heal yourself by infusing magical energy.
You passively map the area around you.
You do not regenerate.


Message History

The slime creature is heavily wounded.
You hit the large slime creature.
The large slime creature barely misses you.
The slime creature hits you.
You slash the slime creature!
The slime creature is severely wounded.
You slash the large slime creature! The slime creature barely misses you.
The large slime creature hits you.
You hit the slime creature.
The slime creature is severely wounded.
You hit the large slime creature. The slime creature hits you!
* * * LOW HITPOINT WARNING * * *
The large slime creature hits you!!
* * * LOW HITPOINT WARNING * * *
You completely miss the slime creature.
The slime creature is severely wounded.
You slash the large slime creature!
Two slime creatures merge to form a very large slime creature.
The slime creature hits you!
You die...

* * #....### * .....##
#...## * ,..$....## ##.###
*,, ........## ##.## ### ,
.........## #..#####.## *
..........###.###.....## ,
,..........##..#........##
,..........##.#..........#
,
,..........#J@#.).....)..#
.........##J#...........#
,
...........W#...........#
,
,...........a............#
........###.............#
......### #.............#
, ,.##### #.............#
, #............}
#............,


You could see a very large slime creature, a slime creature, a hungry ghost and
a worker ant.

Vanquished Creatures
  Josephine (D:11)
  Harold (D:8)
  Erica (D:9)
  3 two-headed ogres
  An ugly thing (D:11)
  A komodo dragon (D:11)
  3 hippogriffs
  A spriggan (D:7)
  3 wraiths (D:11)
  A wyvern (D:11)
  9 yaks
  A hungry ghost (D:11)
  4 wargs (D:10)
  Duvessa (D:6)
  5 orc warriors
  A phantom (D:7)
  6 ogres
  13 centaurs
  A big kobold (D:9)
  7 bullfrogs
  4 elf skeletons (D:8)
  Dowan (D:6)
  A wyvern skeleton (D:11)
  A water moccasin zombie (Ossuary)
  6 scorpions
  10 killer bees
  A water moccasin skeleton (D:6)
  5 wights (D:7)
  4 howler monkeys
  An electric eel (D:10)
  6 crimson imps
  3 centaur zombies
  2 hounds
  A quasit (D:10)
  3 jellies
  2 centaur skeletons (D:11)
  2 orc priests
  9 orc wizards
  Terence (D:3)
  3 iguanas
  A human skeleton (D:8)
  5 worker ants
  A killer bee zombie (D:9)
  2 big kobold zombies (Ossuary)
  2 hound skeletons
  2 mummies (Ossuary)
  A worker ant zombie (D:7)
  A howler monkey skeleton (D:8)
  11 adders
  4 shadow imps
  3 oozes
  2 adder skeletons (D:4)
  10 adder zombies
  4 worms
  7 leopard geckos
  29 orcs
  8 bats
  6 giant cockroaches
  3 gnoll zombies (Ossuary)
  6 goblins
  2 hobgoblins
  4 jackals (D:7)
  3 quokkas
  A ball python (D:4)
  10 frilled lizards
  9 hobgoblin zombies (Ossuary)
  8 kobolds
  5 kobold zombies (Ossuary)
  An orc skeleton (D:8)
  4 orc zombies (Ossuary)
  3 quokka skeletons
  A rat (D:2)
289 creatures vanquished.

Notes
Turn   | Place    | Note
-------+----------+-------------------------------------------
     0 | D:1      | EriolAelfwine the Deep Dwarf Fighter began the quest for
                  | the Orb.
     0 | D:1      | Reached XP level 1. HP: 20/20 MP: 1/1
   168 | D:1      | Reached XP level 2. HP: 27/27 MP: 2/2
   930 | D:2      | Reached skill level 3 in Axes
   930 | D:2      | Reached XP level 3. HP: 23/34 MP: 3/3
  1339 | D:2      | Found a shimmering altar of Xom.
  1544 | D:3      | Reached XP level 4. HP: 24/42 MP: 4/4
  1675 | D:3      | Reached skill level 4 in Axes
  1675 | D:3      | Reached XP level 5. HP: 28/49 MP: 5/5
  1959 | D:3      | Noticed Terence
  1967 | D:3      | Killed Terence
  2119 | D:4      | Found a staircase to the Ecumenical Temple.
  2128 | Temple   | Entered the Ecumenical Temple
  2160 | Temple   | Became a worshipper of Makhleb the Destroyer
  2498 | D:4      | Found a transporter.
  2503 | D:4      | Noticed Nebesus's ghost (amateur CeMo)
  2504 | D:4      | Identified the +8 great mace "Xaomu" {vorpal, rElec rC+}
  2504 | D:4      | Noticed an ogre
  2505 | D:4      | Found a transporter.
  2506 | D:4      | Noticed an ogre
  2635 | D:4      | Got a pair of brightly glowing boots
  2641 | D:4      | Identified the +0 pair of boots "Filocuph" {+Fly rElec rC-
                  | MP+9} (You found it on level 4 of the Dungeon)
  2731 | D:4      | Found a blossoming altar of Fedhas.
  2838 | D:4      | Reached skill level 1 in Invocations
  3159 | D:5      | Entered Level 5 of the Dungeon
  3309 | D:5      | Found Wiggolin's General Store.
  3312 | D:5      | Bought a +0 war axe of flaming for 99 gold pieces
  3351 | D:5      | Reached XP level 6. HP: 52/56 MP: 6/6
  3423 | D:5      | Reached * piety under Makhleb
  3505 | D:5      | Found Docu Jauv's Antique Armour Shoppe.
  3646 | D:5      | Reached skill level 5 in Axes
  3723 | D:5      | Reached XP level 7. HP: 48/63 MP: 8/8
  3805 | D:5      | Reached skill level 5 in Armour
  3805 | D:5      | Reached skill level 5 in Shields
  3988 | D:6      | Noticed Duvessa
  3990 | D:5      | Found a shattered altar of Ashenzari.
  3990 | D:5      | Found a shadowy altar of Dithmenos.
  4003 | D:6      | Noticed Dowan
  4014 | D:6      | Killed Duvessa
  4014 | D:6      | Reached skill level 6 in Axes
  4019 | D:6      | Killed Dowan
  4019 | D:6      | Reached XP level 8. HP: 50/73 MP: 9/9
  4163 | D:6      | Reached ** piety under Makhleb
  4278 | D:6      | Reached skill level 7 in Axes
  4601 | D:7      | Reached skill level 5 in Fighting
  4608 | D:7      | Reached skill level 5 in Invocations
  4618 | D:7      | Reached skill level 8 in Axes
  4618 | D:7      | Gained mutation: You passively map the area around you.
                  | [Deep Dwarf growth]
  4618 | D:7      | Reached XP level 9. HP: 81/81 MP: 12/12
  5394 | D:8      | Noticed Harold
  5409 | D:8      | Reached *** piety under Makhleb
  5419 | D:8      | Killed Harold
  5419 | D:8      | Reached skill level 9 in Axes
  5457 | D:8      | Found a bloodstained altar of Trog.
  5540 | D:8      | Found a sand-covered staircase.
  5550 | Ossuary  | Entered an ossuary
  5675 | Ossuary  | Reached **** piety under Makhleb
  5675 | Ossuary  | Reached XP level 10. HP: 76/91 MP: 14/14
  5747 | D:8      | Found a glowing silver altar of Zin.
  5752 | D:8      | Found a blossoming altar of Fedhas.
  5941 | D:8      | Found Ruerphy's Armour Emporium.
  5998 | D:8      | Found a snail-covered altar of Cheibriados.
  6187 | D:9      | Noticed a two-headed ogre
  6196 | D:9      | Killed a two-headed ogre
  6196 | D:9      | Reached skill level 10 in Axes
  6223 | D:9      | Found a bloodstained altar of Trog.
  6252 | D:9      | Found Neaxt's Food Boutique.
  6258 | D:9      | Found Feiph's Food Shoppe.
  6307 | D:9      | Noticed Erica
  6346 | D:9      | Killed Erica
  6657 | D:9      | Noticed a two-headed ogre
  6670 | D:9      | Killed a two-headed ogre
  6947 | D:9      | Found Xununy's Gadget Emporium.
  7054 | D:10     | Entered Level 10 of the Dungeon
  7127 | D:10     | Reached skill level 11 in Axes
  7279 | D:10     | Found a stormy altar of Qazlal.
  7682 | D:10     | Reached XP level 11. HP: 67/99 MP: 15/15
  7736 | D:10     | Reached ***** piety under Makhleb
  8158 | D:11     | Found a staircase to the Orcish Mines.
  8195 | D:11     | Noticed a red ugly thing
  8226 | D:11     | Killed a red ugly thing
  8291 | D:11     | Identified a scroll of acquirement
  8291 | D:11     | Acquired a +0 antimagic broad axe
  8334 | D:11     | Noticed Josephine
  8351 | D:11     | Killed Josephine
  8351 | D:11     | Reached skill level 12 in Axes
  8466 | D:11     | Noticed a two-headed ogre
  8485 | D:11     | Killed a two-headed ogre
  8490 | D:11     | Found a staircase to the Lair.
  8751 | D:12     | Got a dazzling ring mail
  8762 | D:12     | Identified the +4 ring mail "Qufial" {MR++} (You found it
                  | on level 12 of the Dungeon)
  8830 | D:12     | Slain by a slime creature

Illustrated notes

Levels and vault maps discovered:
D:1:      lemuel_arrival_rhombus, layout_basic
D:2:      layout_loops_ring, lemuel_coloured_pillars_altar
D:3:      layout_basic, uniq_terence
D:4:      layout_basic, minmay_temple_entry_wispy, gammafunk_ghost_smash,
          nicolae_zen_rock_garden, fedhas_altar_3
D:5:      kennysheep_big_flooded_room, layout_basic,
          nicolae_overflow_hidden_temple, serial_shops, shop,
          kennysheep_mini_moat, first_ration
D:6:      layout_cave_pools, uniq_duvessa
D:7:      layout_basic, the_bakery, minmay_crossroads
D:8:      layout_rooms, marbit_many_paths, grunt_temple_overflow_open,
          serial_shops, kennysheep_mini, nicolae_ossuary_entry_catacombs,
          uniq_harold
D:9:      layout_irregular_city, serial_shops,
          nicolae_shop_temple_entry_statues_fountains,
          nicolae_shop_temple_entry_statues_fountains, shop, basic_altar,
          uniq_erica
D:10:     layout_gridville, basic_altar, minmay_hedge_maze, nooodl_orcs_dogs
D:11:     layout_cave_pools, lair_entry_dummy, orc_0_dummy,
          kennysheep_another_room, uniq_josephine
D:12:     layout_cave_pods
Temple:   regret_index_temple_generic_petals

Skill      XL: |  1  2  3  4  5  6  7  8  9 10 11 |
---------------+----------------------------------+-----
Fighting       | 3 4 5 6 7 |  7.8
Axes           | 3 4 5 6 8 9 11 12 | 12.4
Armour         | 4 5 6 7 8 9 |  9.3
Shields        | 4 5 6 7 8 9 |  9.4
Invocations    | 1 2 3 5 6 8 9 |  9.8

Action                   |  1- 3 |  4- 6 |  7- 9 | 10-12 || total
-------------------------+-------+-------+-------+-------++-------
Melee: War axe           |   129 |   188 |   322 |   404 ||  1043
       Broad axe         |       |       |       |    95 ||    95
 Abil: Heal Wounds       |       |     2 |     3 |     3 ||     8
  Use: Scroll            |       |    11 |     1 |     9 ||    21
  Eat: Chunk             |     2 |     8 |     5 |    14 ||    29
Armor: Scale mail        |    17 |       |       |       ||    17
       Quicksilver drago |    52 |    85 |   158 |   170 ||   465
       Ring mail         |       |       |       |     9 ||     9
Dodge: Dodged            |    40 |    59 |   108 |   171 ||   378
Block: Kite shield       |    84 |   115 |   217 |   296 ||   712
